[Event "2026 European Womens Championship"]
[Site "Batumi, GE"]
[Date "2026.06.02"]
[Round "8"]
[White "Avetisyan, Ani"]
[Black "Skvortsova, Alena"]
[Result "1-0"]
[Board "59"]
[TimeControl "5400+30"]
[WhiteFideId "13319035"]
[BlackFideId "24166251"]
[WhiteElo "2052"]
[BlackElo "2135"]
[BlackTitle "WFM"]
[WhiteClock "0:04:57"]
[BlackClock "0:00:39"]
[Variant "Standard"]

1. d4 g6 2. c4 Bg7 3. Nf3 d6 4. g3 Nf6 5. Nc3 Bf5 6. Nh4 Bd7 7. Bg2 Nc6 8. Nf3 Rb8 9. O-O a6 10. a4 Na5 11. b3 O-O 12. e4 c5 13. dxc5 Nxe4 14. Nxe4 Bxa1 15. Bg5 Bg7 16. cxd6 f6 17. dxe7 Qxe7 18. Bf4 Rbd8 19. Qd5+ Qe6 20. Qxa5 Qxe4 21. Bc7 Rde8 22. Ne5 Qd4 23. Nxd7 Qxd7 24. Bxb7 Kh8 25. Bd5 f5 26. Bf4 Bd4 27. Bf3 Qa7 28. Kg2 Qg7 29. h4 Re6 30. Qd5 Rb6 31. c5 Rb4 32. c6 Bf6 33. Bd6 Rd4 34. Bxf8 Qxf8 35. Qe6 Rd6 36. Qc4 Qe8 37. c7 Qc8 38. Re1 Rd7 39. Re8+ 1-0

[Event "2026 European Womens Championship"]
[Site "Batumi, GE"]
[Date "2026.06.02"]
[Round "8"]
[White "Demirtas, Hafize"]
[Black "Dwilewicz, Katarzyna"]
[Result "0-1"]
[Board "60"]
[TimeControl "5400+30"]
[WhiteFideId "6382070"]
[BlackFideId "1148486"]
[WhiteElo "1928"]
[BlackElo "2131"]
[BlackTitle "WIM"]
[WhiteClock "0:23:01"]
[BlackClock "0:21:52"]
[Variant "Standard"]

1. f4 d5 2. Nf3 Nf6 3. e3 g6 4. b3 Bg7 5. Bb2 O-O 6. a4 c5 7. Be2 Nc6 8. O-O d4 9. Qc1 Nd5 10. Bc4 Bg4 11. Bxd5 Qxd5 12. d3 dxe3 13. Bxg7 e2 14. Nc3 exf1=Q+ 15. Qxf1 Qd7 16. Bxf8 Bxf3 17. Bh6 Qd4+ 18. Kh1 Qxc3 19. gxf3 Nd4 20. f5 Nxf5 21. Bf4 Qxc2 22. d4 Nxd4 23. Rc1 Qf5 24. Be3 Nxb3 25. Rc4 Nd4 26. Bxd4 cxd4 27. Rxd4 Rc8 28. Qd1 Kg7 29. Rb4 b6 30. Rb5 Qf4 31. Kg2 Rc6 32. Rd5 h5 33. a5 bxa5 34. Rxa5 Rd6 35. Qa1+ Kh7 36. Ra2 Rd2+ 37. Rxd2 Qxd2+ 38. Kg3 a5 39. Kh3 Qd7+ 40. Kg2 a4 41. Qa3 Qd2+ 42. Kh3 Qd1 43. Kg2 e5 44. Qf8 Qd2+ 45. Kg1 Qf4 46. Kg2 h4 47. Qa8 Kg7 48. Qa7 h3+ 49. Kxh3 Qxf3+ 50. Kh4 Qe4+ 51. Kg3 Qd3+ 0-1

[Event "2026 European Womens Championship"]
[Site "Batumi, GE"]
[Date "2026.06.02"]
[Round "8"]
[White "Ivekovic, Tihana"]
[Black "Ashotia, Barbare"]
[Result "1-0"]
[Board "61"]
[TimeControl "5400+30"]
[WhiteFideId "14517825"]
[BlackFideId "13625187"]
[WhiteElo "2119"]
[BlackElo "1913"]
[WhiteTitle "WFM"]
[WhiteClock "0:02:07"]
[BlackClock "0:01:02"]
[Variant "Standard"]

1. e4 c5 2. Nf3 Nc6 3. c3 d5 4. exd5 Qxd5 5. d4 Bf5 6. Be3 Nf6 7. dxc5 Qxd1+ 8. Kxd1 Nd5 9. Bc4 Nxe3+ 10. fxe3 e5 11. b4 f6 12. a3 a5 13. Bb5 O-O-O+ 14. Kc1 g5 15. Re1 Bh6 16. Nbd2 Na7 17. Bf1 Bd3 18. Bxd3 Rxd3 19. Kc2 Rhd8 20. Nc4 Nb5 21. Nd6+ R8xd6 22. cxd6 Rxc3+ 23. Kd2 Rxa3 24. bxa5 Rxa1 25. Rxa1 Nxd6 26. g4 Bf8 27. Ke2 Ne4 28. a6 bxa6 29. Rxa6 Kb7 30. Re6 Bc5 31. Nd2 Nc3+ 32. Kf3 Nd5 33. e4 Nf4 34. Rxf6 Nd3 35. Rf7+ Kc6 36. Rxh7 Ne1+ 37. Ke2 Nc2 38. Nf3 Bd6 39. Nxg5 Nd4+ 40. Kd3 1-0

[Event "2026 European Womens Championship"]
[Site "Batumi, GE"]
[Date "2026.06.02"]
[Round "8"]
[White "Liavonava, Yuliya"]
[Black "Kalandadze, Mariam"]
[Result "1-0"]
[Board "62"]
[TimeControl "5400+30"]
[WhiteFideId "13524178"]
[BlackFideId "13621122"]
[WhiteElo "2118"]
[BlackElo "1892"]
[WhiteTitle "WFM"]
[WhiteClock "0:23:22"]
[BlackClock "0:21:36"]
[Variant "Standard"]

1. c4 Nf6 2. Nc3 g6 3. e4 d6 4. d4 Bg7 5. h3 O-O 6. Be3 c5 7. Nf3 a6 8. Qd2 Qc7 9. Be2 Bd7 10. a4 Nc6 11. d5 Na5 12. Qc2 e6 13. O-O exd5 14. cxd5 Rfb8 15. Bf4 Nh5 16. Bh2 b5 17. axb5 axb5 18. Nb1 Nb7 19. Nbd2 Qd8 20. Rae1 Ra2 21. e5 dxe5 22. Nxe5 Rba8 23. Bxh5 gxh5 24. Qb3 Be8 25. Ne4 c4 26. Qf3 Rxb2 27. Nc6 Bxc6 28. dxc6 Na5 29. c7 Qf8 30. Nf6+ Kh8 31. Qxa8 1-0

[Event "2026 European Womens Championship"]
[Site "Batumi, GE"]
[Date "2026.06.02"]
[Round "8"]
[White "Muradyan, Anahit"]
[Black "Tsetskhladze, Mariam"]
[Result "1/2-1/2"]
[Board "63"]
[TimeControl "5400+30"]
[WhiteFideId "13314807"]
[BlackFideId "13623834"]
[WhiteElo "1977"]
[BlackElo "2234"]
[BlackTitle "WFM"]
[WhiteClock "0:32:39"]
[BlackClock "0:20:22"]
[Variant "Standard"]

1. d4 Nf6 2. c4 e6 3. Nf3 d5 4. g3 Bb4+ 5. Bd2 a5 6. Qc2 O-O 7. Bg2 c5 8. O-O cxd4 9. Bxb4 axb4 10. Nxd4 Nc6 11. Rd1 Qb6 12. Nb3 Rd8 13. N1d2 h6 14. cxd5 exd5 15. Nf3 Bg4 16. Nfd4 Rac8 17. Qd2 Ne5 18. h3 Nc4 19. Qf4 Bh5 20. Nf5 Re8 21. Bxd5 Bxe2 22. Bxc4 Rxc4 23. Rd4 Rxd4 24. Nbxd4 Bh5 25. Nxg7 Nd5 26. Qd2 Kxg7 27. Nf5+ Kh7 28. Qxd5 Re2 29. Nd4 Re7 30. Qxh5 Qxd4 31. Qf5+ Kg7 32. Qg4+ Qxg4 33. hxg4 Re2 34. b3 Kg6 35. Rd1 Rxa2 36. Rd4 Rc2 37. Rxb4 Rc7 38. Kg2 f6 39. Kf3 h5 40. gxh5+ Kxh5 41. Rb6 Kg5 42. Ke4 Re7+ 43. Kd5 Kf5 44. b4 Re2 45. f4 Rg2 46. Rxb7 Rxg3 47. Rf7 Rg6 48. b5 Kxf4 49. b6 f5 50. Kc5 Rg1 51. b7 Rb1 52. Rh7 Kg3 53. Kc6 f4 54. Rg7+ Kf2 55. Rg5 Rxb7 56. Kxb7 f3 57. Kc6 Kf1 58. Kd5 f2 59. Ke4 Ke1 1/2-1/2

[Event "2026 European Womens Championship"]
[Site "Batumi, GE"]
[Date "2026.06.02"]
[Round "8"]
[White "Gueci, Tea"]
[Black "Esadze, Tamari"]
[Result "1/2-1/2"]
[Board "64"]
[TimeControl "5400+30"]
[WhiteFideId "872342"]
[BlackFideId "13611186"]
[WhiteElo "2160"]
[BlackElo "1974"]
[WhiteTitle "WIM"]
[WhiteClock "0:16:59"]
[BlackClock "0:32:05"]
[Variant "Standard"]

1. e4 c5 2. Nf3 d6 3. Nc3 Nf6 4. d4 cxd4 5. Qxd4 Nc6 6. Bb5 Bd7 7. Bxc6 Bxc6 8. Bg5 e6 9. O-O-O Be7 10. Qd3 O-O 11. Nd4 Qa5 12. f4 Rac8 13. Kb1 a6 14. Qe2 Qc7 15. f5 Bd7 16. g4 b5 17. a3 Qc4 18. Qf3 b4 19. axb4 Qxb4 20. Nb3 Bc6 21. Rd4 Qb7 22. Be3 e5 23. Rc4 d5 24. Na5 dxe4 25. Qg3 Qa8 26. g5 Nd5 27. f6 Nxc3+ 28. Rxc3 Bb4 29. Rxc6 Rxc6 30. Nxc6 Qxc6 31. Qxe5 Rc8 32. c3 Bd6 33. Qa5 Bf8 34. Rd1 Qc4 35. Qd5 Qe2 36. Qd2 Qc4 37. Qd4 Qe2 38. Rd2 Qf1+ 39. Rd1 Qe2 40. Qd2 Qc4 41. Qd5 Qe2 1/2-1/2

[Event "2026 European Womens Championship"]
[Site "Batumi, GE"]
[Date "2026.06.02"]
[Round "8"]
[White "Damaso Tacoronte, Carolina"]
[Black "Ptacnikova, Lenka"]
[Result "0-1"]
[Board "65"]
[TimeControl "5400+30"]
[WhiteFideId "2292858"]
[BlackFideId "305650"]
[WhiteElo "1890"]
[BlackElo "2126"]
[BlackTitle "WGM"]
[WhiteClock "0:00:35"]
[BlackClock "0:25:19"]
[Variant "Standard"]

1. d4 Nf6 2. c4 e6 3. Nf3 d5 4. Nc3 c5 5. dxc5 Bxc5 6. cxd5 exd5 7. e3 Nc6 8. Bb5 O-O 9. Bxc6 bxc6 10. h3 Ba6 11. a3 Re8 12. Nd4 Rc8 13. b4 Bd6 14. Nce2 c5 15. bxc5 Bxc5 16. Bb2 Qb6 17. Rb1 Rb8 18. Rc1 Bxe2 19. Nxe2 Bxe3 20. fxe3 Qxb2 21. O-O Rxe3 22. Rc2 Qxa3 23. Nd4 Rbe8 24. Nf5 R3e6 25. Qd2 Qf8 26. Rc7 a6 27. Qg5 Ne4 28. Qf4 Rf6 29. Qh4 Nd6 30. Nxd6 Rxf1+ 31. Kxf1 Qxd6 32. Ra7 Qc5 33. Qf2 Qc1+ 0-1

[Event "2026 European Womens Championship"]
[Site "Batumi, GE"]
[Date "2026.06.02"]
[Round "8"]
[White "Khairova, Evelina"]
[Black "Liashkevich, Lizaveta"]
[Result "0-1"]
[Board "66"]
[TimeControl "5400+30"]
[WhiteFideId "2845768"]
[BlackFideId "13518658"]
[WhiteElo "1880"]
[BlackElo "2079"]
[BlackTitle "WFM"]
[WhiteClock "0:02:26"]
[BlackClock "0:02:58"]
[Variant "Standard"]

1. e4 c5 2. Nf3 e6 3. g3 d5 4. exd5 exd5 5. d4 Nf6 6. Bg2 c4 7. O-O Be7 8. b3 cxb3 9. axb3 O-O 10. c4 b6 11. Nc3 Bb7 12. Bg5 dxc4 13. bxc4 h6 14. Bf4 Nbd7 15. d5 Bc5 16. Nb5 a5 17. Bc7 Qc8 18. Nfd4 Ne8 19. Bf4 Ndf6 20. Qd3 Nh5 21. Be3 Nd6 22. Nc6 Qd7 23. Bxc5 bxc5 24. Nxd6 Qxd6 25. Nxa5 Bc8 26. Rfe1 Nf6 27. Nc6 Bd7 28. Rxa8 Rxa8 29. Ne5 Ra4 30. Nxd7 Qxd7 31. Rb1 Qd6 32. Qb3 Rb4 33. Qc2 Nd7 34. Rc1 Qf6 35. Qe4 Nb6 36. Qe8+ Kh7 37. Qe4+ g6 38. Bf1 Rb2 39. Qe3 Nd7 40. f4 h5 41. Qc3 Qb6 42. Re1 Rb3 43. Qa1 Nf6 44. Qe5 Ng4 45. Qe7 Kg7 46. d6 Qa5 47. Qe2 Qc3 48. Rd1 Qf6 49. d7 Rb8 50. Qe8 Rd8 51. h3 Nh6 52. Qe5 Qxe5 53. fxe5 Nf5 54. Rd5 Kf8 55. Rxc5 Rxd7 56. Rd5 Rc7 57. Kf2 Ke7 58. c5 Ng7 59. Bb5 Ne6 60. c6 Ng5 61. Kg2 Ne4 62. Rd3 Ke6 63. Rd7 Rxd7 64. cxd7 Ke7 65. Kf3 Ng5+ 66. Ke3 Nxh3 67. Kd4 Ng5 68. Kd5 Ne6 69. Ba4 Nf8 70. d8=Q+ Kxd8 71. Kd6 Ne6 72. Bb3 Ng5 73. e6 fxe6 74. Bxe6 Ne4+ 75. Ke5 Ke7 76. g4 h4 77. Bd5 Ng5 78. Kf4 Kf6 79. Bg2 Ne6+ 80. Ke4 Kg5 81. Ke5 Nf4 82. Bf3 Nh3 83. Ke4 Nf2+ 84. Ke3 Nxg4+ 85. Ke2 Kf4 86. Bb7 Kg3 87. Kf1 Kh2 88. Bf3 Ne5 89. Be4 g5 0-1

[Event "2026 European Womens Championship"]
[Site "Batumi, GE"]
[Date "2026.06.02"]
[Round "8"]
[White "Nenova, Andzhelika"]
[Black "Koghuashvili, Tekla"]
[Result "1-0"]
[Board "67"]
[TimeControl "5400+30"]
[WhiteFideId "2939355"]
[BlackFideId "13621564"]
[WhiteElo "2072"]
[BlackElo "1921"]
[WhiteClock "0:34:10"]
[BlackClock "0:41:17"]
[Variant "Standard"]

1. e4 c5 2. Nf3 e6 3. d4 cxd4 4. Nxd4 Nc6 5. Nc3 Qc7 6. Be3 a6 7. g4 b5 8. Nxc6 Qxc6 9. Qd2 b4 10. Ne2 Qxe4 11. Rg1 Qb7 12. Bg2 d5 13. O-O-O Bd7 14. f4 Rc8 15. Kb1 Ne7 16. f5 Nc6 17. Nf4 Ne5 18. fxe6 fxe6 19. Bd4 Nc6 20. Rge1 Be7 21. Nxe6 Bxe6 22. Rxe6 Qd7 23. Bxg7 Qxe6 24. Bxh8 b3 25. Bxd5 bxc2+ 26. Qxc2 Qh6 27. Qf5 Qg6 28. Bf7+ Qxf7 29. Qxc8+ Nd8 30. Qd7+ Kf8 31. Qf5 1-0

[Event "2026 European Womens Championship"]
[Site "Batumi, GE"]
[Date "2026.06.02"]
[Round "8"]
[White "Rekhviashvili, Mariam"]
[Black "Subramanian, Anusha"]
[Result "0-1"]
[Board "68"]
[TimeControl "5400+30"]
[WhiteFideId "13635859"]
[BlackFideId "477710"]
[WhiteElo "1836"]
[BlackElo "2068"]
[BlackTitle "WFM"]
[WhiteClock "0:03:56"]
[BlackClock "0:08:16"]
[Variant "Standard"]

1. e4 e5 2. Nf3 Nc6 3. Bb5 a6 4. Bxc6 dxc6 5. O-O Qf6 6. d4 exd4 7. Bg5 Qd6 8. e5 Qg6 9. Qxd4 Be7 10. Bxe7 Nxe7 11. Nc3 Be6 12. Ne4 Rd8 13. Qe3 Nd5 14. Qe1 Nf4 15. Nh4 Qh6 16. f3 O-O 17. Kh1 g5 18. g3 gxh4 19. gxf4 Qxf4 20. Qc3 Kh8 21. Rad1 b5 22. b4 a5 23. a3 axb4 24. axb4 h3 25. Rd3 Rxd3 26. cxd3 Rg8 27. Ng3 Bd5 28. d4 Rxg3 29. hxg3 Qxg3 30. Qd2 Bxf3+ 31. Rxf3 Qxf3+ 32. Kh2 Qg2+ 0-1

[Event "2026 European Womens Championship"]
[Site "Batumi, GE"]
[Date "2026.06.02"]
[Round "8"]
[White "Kalyoncu, Beren"]
[Black "Krkyasharyan, Sona"]
[Result "0-1"]
[Board "69"]
[TimeControl "5400+30"]
[WhiteFideId "51608383"]
[BlackFideId "13316729"]
[WhiteElo "1840"]
[BlackElo "2063"]
[WhiteTitle "WCM"]
[BlackTitle "WFM"]
[WhiteClock "0:06:45"]
[BlackClock "0:25:46"]
[Variant "Standard"]

1. c4 Nf6 2. Nc3 e5 3. g3 d5 4. cxd5 Nxd5 5. Bg2 Nb6 6. Nf3 Nc6 7. O-O Be7 8. d3 Be6 9. b3 f6 10. Bb2 Qd7 11. Rc1 Bh3 12. Ne4 Bxg2 13. Kxg2 O-O-O 14. Qc2 h5 15. a3 h4 16. b4 hxg3 17. fxg3 Nd5 18. Kf2 g5 19. Nc5 Bxc5+ 20. Qxc5 g4 21. Nh4 Kb8 22. Kg1 Rdg8 23. Ng2 Rg6 24. e4 Nde7 25. b5 Nd8 26. Rc2 Ne6 27. Qc4 Nc8 28. a4 Nb6 29. Qb4 Qxd3 30. Rfc1 Ng5 31. Nh4 Rxh4 32. Qf8+ Nc8 33. gxh4 Nh3+ 34. Kh1 Qf3+ 35. Rg2 Nf4 36. Rcg1 g3 0-1

[Event "2026 European Womens Championship"]
[Site "Batumi, GE"]
[Date "2026.06.02"]
[Round "8"]
[White "Chkhartishvili, Lika"]
[Black "Akat, Elifnaz"]
[Result "0-1"]
[Board "70"]
[TimeControl "5400+30"]
[WhiteFideId "13635166"]
[BlackFideId "34560556"]
[WhiteElo "1822"]
[BlackElo "2061"]
[BlackTitle "WFM"]
[WhiteClock "0:08:05"]
[BlackClock "0:10:42"]
[Variant "Standard"]

1. e4 c5 2. Nf3 d6 3. d4 cxd4 4. Qxd4 Nc6 5. Bb5 Bd7 6. Qd3 g6 7. c4 Bg7 8. Nc3 a6 9. Bxc6 bxc6 10. O-O Qc7 11. Bf4 Qb7 12. b3 Nf6 13. Rad1 O-O 14. Na4 c5 15. Nc3 Bc6 16. Nd5 Nh5 17. Bg5 f6 18. Bd2 e6 19. Nc3 Rad8 20. Rfe1 Bh8 21. Bh6 Rfe8 22. Bc1 Qf7 23. Qe3 g5 24. h3 Qg6 25. Nd2 f5 26. Bb2 Bd4 27. Qe2 g4 28. hxg4 fxg4 29. Na4 Nf4 30. Qf1 e5 31. Bxd4 exd4 32. Nb6 Re5 33. Nd5 Rf8 34. Nxf4 Rxf4 35. g3 Rf6 36. Qg2 Rh5 37. Re2 Qf7 38. Rf1 Rf3 39. Rfe1 d3 40. Re3 Rxf2 41. Qxf2 Rh1+ 42. Kxh1 Qxf2 43. Nf1 d2 44. Rd1 Bxe4+ 45. Rxe4 Qf3+ 46. Kg1 Qxd1 47. Kf2 Qf3+ 0-1

[Event "2026 European Womens Championship"]
[Site "Batumi, GE"]
[Date "2026.06.02"]
[Round "8"]
[White "Asatiani, Natali"]
[Black "Hayrapetyan, Nvard"]
[Result "0-1"]
[Board "71"]
[TimeControl "5400+30"]
[WhiteFideId "13636715"]
[BlackFideId "13316460"]
[WhiteElo "1603"]
[BlackElo "2057"]
[BlackTitle "WFM"]
[WhiteClock "0:02:08"]
[BlackClock "0:32:33"]
[Variant "Standard"]

1. e4 c5 2. c3 d5 3. exd5 Qxd5 4. d4 g6 5. Nf3 Bg7 6. Be2 cxd4 7. cxd4 Nf6 8. Nc3 Qa5 9. O-O O-O 10. Bf4 Rd8 11. Rc1 Nc6 12. Bc4 Bg4 13. d5 e6 14. Bd2 Bxf3 15. gxf3 exd5 16. Nxd5 Rxd5 17. Bxa5 Rxd1 18. Rfxd1 Nxa5 19. Bb5 a6 20. Bf1 Nc6 21. b3 Bh6 22. Rc2 Bf4 23. a3 g5 24. Kg2 Kg7 25. b4 Ne5 26. Rd4 Ng6 27. Be2 Re8 28. Rd3 Re7 29. a4 Nd7 30. a5 Nde5 31. Rdc3 Nh4+ 32. Kg1 Nc6 33. Rb3 Nd4 34. Rbb2 Nxc2 35. Rxc2 Bd6 36. b5 axb5 37. Kf1 b4 38. Rd2 Bxh2 39. Rd4 b3 40. Rb4 Rc7 0-1

[Event "2026 European Womens Championship"]
[Site "Batumi, GE"]
[Date "2026.06.02"]
[Round "8"]
[White "Kochavi, Dana"]
[Black "Saltkhutsishvili, Sara"]
[Result "0-1"]
[Board "72"]
[TimeControl "5400+30"]
[WhiteFideId "2837137"]
[BlackFideId "13636995"]
[WhiteElo "2209"]
[BlackElo "1763"]
[WhiteTitle "FM"]
[WhiteClock "1:03:15"]
[BlackClock "0:07:34"]
[Variant "Standard"]

1. e4 c6 2. Nc3 d5 3. Nf3 Bg4 4. d4 e6 5. Be2 Be7 6. h3 Bh5 7. a3 Nf6 8. e5 Nfd7 9. Na2 c5 10. c3 Nc6 11. b4 cxd4 12. cxd4 a6 13. g4 Bg6 14. Be3 b5 15. h4 h5 16. gxh5 Bxh5 17. Rg1 Bf8 18. Ng5 Bxe2 19. Qxe2 Rxh4 20. Qd3 Rc8 21. Nxe6 Ndxe5 22. dxe5 fxe6 23. Qg6+ Kd7 24. Bg5 Nxe5 25. Bxd8 Nxg6 26. Bxh4 Nxh4 27. Rg4 Nf3+ 28. Ke2 Ne5 29. Rg5 Be7 30. Rxg7 Rc2+ 31. Ke3 Nc4+ 32. Kf3 Kd6 33. Rgg1 Bf6 34. Rgc1 Rd2 35. a4 Bxa1 36. Rxa1 bxa4 37. Kg2 Rd3 38. Rc1 Rb3 39. Rc2 a3 40. Nc3 Rxb4 0-1

[Event "2026 European Womens Championship"]
[Site "Batumi, GE"]
[Date "2026.06.02"]
[Round "8"]
[White "Donghvani, Nia"]
[Black "Kalayci, Nino"]
[Result "1-0"]
[Board "73"]
[TimeControl "5400+30"]
[WhiteFideId "13614649"]
[BlackFideId "13603221"]
[WhiteElo "2117"]
[BlackElo "1755"]
[WhiteTitle "WFM"]
[BlackTitle "WCM"]
[WhiteClock "0:01:34"]
[BlackClock "0:00:41"]
[Variant "Standard"]

1. e4 e6 2. d4 d5 3. Nc3 Nf6 4. Bg5 Be7 5. e5 Nfd7 6. Bxe7 Qxe7 7. Qd2 a6 8. f4 c5 9. dxc5 Nxc5 10. Nf3 Nc6 11. Bd3 b5 12. O-O b4 13. Ne2 Nxd3 14. cxd3 O-O 15. Rac1 Bd7 16. Kh1 a5 17. g4 Rac8 18. Ng3 f6 19. d4 fxe5 20. dxe5 b3 21. a3 Nb8 22. Rxc8 Bxc8 23. Ng5 h6 24. Nf3 d4 25. Qxd4 Bb7 26. Kg1 Rd8 27. Qe3 a4 28. f5 Ba6 29. Rf2 Rd3 30. Qb6 Bb7 31. f6 gxf6 32. exf6 Rd1+ 33. Nf1 Qd7 34. Ne5 Qd5 35. f7+ Kh7 36. Qxb7 Qxb7 37. f8=Q 1-0

[Event "2026 European Womens Championship"]
[Site "Batumi, GE"]
[Date "2026.06.02"]
[Round "8"]
[White "Kedelidze, Aneta"]
[Black "Avelino, Camila Biscaya"]
[Result "0-1"]
[Board "74"]
[TimeControl "5400+30"]
[WhiteFideId "13626191"]
[BlackFideId "1938975"]
[WhiteElo "1676"]
[BlackElo "1937"]
[BlackTitle "WFM"]
[WhiteClock "0:29:02"]
[BlackClock "0:23:11"]
[Variant "Standard"]

1. d4 Nf6 2. c4 g6 3. Nc3 Bg7 4. e4 d6 5. Be2 O-O 6. h4 e5 7. d5 Na6 8. h5 c6 9. hxg6 fxg6 10. Be3 cxd5 11. cxd5 Nc5 12. Bf3 Qa5 13. Kf1 b5 14. Bxc5 dxc5 15. g3 b4 16. Nb1 c4 17. Kg2 g5 18. Qc2 Qc5 19. Nd2 g4 20. Bd1 b3 21. axb3 Nxd5 22. Nf1 Nb4 23. Qxc4+ Qxc4 24. bxc4 Nd3 25. f3 Nxb2 26. Be2 Be6 27. Ne3 Rfc8 28. Nd5 Bf8 29. Ra6 Bxd5 30. cxd5 Rc2 31. Kf1 Bc5 32. Rah6 Rf8 33. Rxh7 Rc1+ 34. Kg2 Rxg1+ 35. Rxg1 Kxh7 36. Rh1+ Kg6 37. Rc1 gxf3+ 38. Bxf3 Nd3 39. Rd1 Nb4 40. Rc1 Bd4 41. d6 Rd8 42. Bg4 Rxd6 43. Rc7 a5 44. Bf5+ Kf6 45. g4 Rc6 46. Rh7 Rc3 47. Rh6+ Kg5 48. Rg6+ Kf4 49. Rg8 Rc2+ 50. Kf1 Rf2+ 51. Ke1 Nd3+ 52. Kd1 Bc3 0-1

[Event "2026 European Womens Championship"]
[Site "Batumi, GE"]
[Date "2026.06.02"]
[Round "8"]
[White "Rusitashvili, Tea"]
[Black "Xing, Lida"]
[Result "1/2-1/2"]
[Board "75"]
[TimeControl "5400+30"]
[WhiteFideId "13640771"]
[BlackFideId "13326171"]
[WhiteElo "1929"]
[BlackElo "1598"]
[WhiteTitle "WCM"]
[WhiteClock "0:14:14"]
[BlackClock "0:52:25"]
[Variant "Standard"]

1. e4 e5 2. Nf3 Nc6 3. Bc4 Bc5 4. c3 Nf6 5. d4 exd4 6. cxd4 Bb4+ 7. Nbd2 d5 8. exd5 Nxd5 9. O-O O-O 10. a3 Bxd2 11. Bxd2 Nb6 12. Ba2 Bg4 13. h3 Bh5 14. g4 Bg6 15. Bg5 Qd6 16. d5 Be4 17. dxc6 Qxd1 18. Rfxd1 Bxf3 19. cxb7 Bxb7 20. Rac1 Rac8 21. Rc5 h6 22. Bh4 g5 23. Bg3 Rfd8 24. Rdc1 Rd2 25. Rf5 Nd5 26. h4 Rd8 27. Bxd5 R8xd5 28. Rxd5 Rxd5 29. hxg5 hxg5 30. Bxc7 Rd4 31. Bg3 Bf3 32. Kf1 Rxg4 33. Rc3 Bd5 34. Rc5 Bf3 35. Rf5 Be4 36. Ra5 a6 37. Re5 f6 38. Re7 Bd3+ 39. Ke1 Re4+ 40. Rxe4 Bxe4 41. Kd2 f5 42. Bc7 Kf7 43. Kc3 f4 44. Kd4 Bb7 45. Kc5 Kg6 46. Kb6 Bc8 47. b4 Kf5 48. Bd8 g4 49. Kc6 Ke4 50. a4 Be6 51. b5 Bd5+ 52. Kd6 axb5 53. axb5 Bb7 54. Bb6 Bd5 55. Bc5 Bb7 56. Kc7 Bd5 57. b6 Kf3 58. b7 Bxb7 59. Kxb7 g3 60. fxg3 Ke4 1/2-1/2

[Event "2026 European Womens Championship"]
[Site "Batumi, GE"]
[Date "2026.06.02"]
[Round "8"]
[White "Danielyan, Lilia"]
[Black "Diasamidze, Lulu"]
[Result "1-0"]
[Board "76"]
[TimeControl "5400+30"]
[WhiteFideId "13319841"]
[BlackFideId "13623818"]
[WhiteElo "1728"]
[BlackElo "1924"]
[WhiteClock "0:18:00"]
[BlackClock "0:29:56"]
[Variant "Standard"]

1. c4 e5 2. Nc3 Nf6 3. Nf3 Nc6 4. d3 d5 5. cxd5 Nxd5 6. e4 Nf6 7. h3 h6 8. Be3 Bd6 9. Be2 O-O 10. g4 Nh7 11. Rg1 Be6 12. g5 h5 13. Nh4 Be7 14. Nf5 Bxf5 15. exf5 Bxg5 16. Bxh5 Bxe3 17. fxe3 Qh4+ 18. Kd2 Rad8 19. Qg4 Qxg4 20. Bxg4 Nf6 21. Be2 Nb4 22. Rg2 Kh7 23. Rag1 Rg8 24. Rg4 Nxg4 25. Rxg4 Rge8 26. Rxb4 b6 27. Rh4+ Kg8 28. Ne4 Kf8 29. Rh8+ Ke7 30. Rh7 Rg8 31. Bh5 Rh8 32. f6+ gxf6 33. Rxf7+ Ke6 34. Rxf6+ Ke7 35. Rf7+ Ke6 36. Ng5+ Kd6 37. Rf6+ Ke7 38. Re6+ Kd7 39. Bg4 Rdf8 40. Nf7 Rhg8 41. Nxe5+ Kd8 42. d4 a5 43. Nc6+ Kc8 44. Ne7+ Kb7 45. Nxg8 1-0

[Event "2026 European Womens Championship"]
[Site "Batumi, GE"]
[Date "2026.06.02"]
[Round "8"]
[White "Chanturia, Lika"]
[Black "Gharibyan, Mane"]
[Result "0-1"]
[Board "77"]
[TimeControl "5400+30"]
[WhiteFideId "13618857"]
[BlackFideId "13306430"]
[WhiteElo "1649"]
[BlackElo "1776"]
[WhiteClock "0:17:58"]
[BlackClock "0:05:56"]
[Variant "Standard"]

1. e4 c5 2. Nf3 d6 3. d4 cxd4 4. Nxd4 Nf6 5. Nc3 a6 6. h3 e5 7. Nde2 Be6 8. g4 Be7 9. Bg2 b5 10. Ng3 Nc6 11. Nf5 Bxf5 12. exf5 Rc8 13. Be3 Na5 14. O-O Nc4 15. Bc1 h6 16. Bb7 Rb8 17. Bxa6 Qa5 18. Bxb5+ Rxb5 19. Nxb5 Qxb5 20. b3 Nb6 21. c4 Qc6 22. Re1 Nh7 23. a4 Bg5 24. a5 Nd7 25. Ba3 Ke7 26. Qd3 Bf4 27. Rad1 Nc5 28. Bxc5 Qxc5 29. a6 Ra8 30. Qe4 Ng5 31. Qxa8 Nxh3+ 32. Kh1 Nxf2+ 33. Kg2 Nxg4 34. Qf3 Ne3+ 35. Rxe3 Bxe3 36. b4 Qxc4 37. Qb7+ Kf6 38. Rxd6+ Kg5 39. Qf3 Bf4 40. Qd3 Qxb4 41. Rd7 e4 42. Qe2 e3 43. Rxf7 Qe4+ 44. Kg1 Qb1+ 45. Qf1 Bh2+ 46. Kg2 Qa2+ 47. Kf3 Qxf7 48. Qg2+ Kxf5 49. Qxh2 Qd5+ 50. Kxe3 Qe6+ 51. Kf3 Qb3+ 52. Kf2 Qa2+ 53. Kg3 Qxa6 54. Qc2+ Kf6 55. Qc3+ Kf7 56. Qf3+ Qf6 57. Qb7+ Kg6 58. Qe4+ Qf5 59. Qc6+ Kh7 60. Qb7 h5 61. Qe7 Qg4+ 62. Kf2 h4 63. Qb7 h3 64. Qb1+ Qg6 65. Qxg6+ Kxg6 66. Kg3 Kg5 67. Kxh3 Kf4 68. Kg2 Kg4 69. Kf2 Kh3 70. Kg1 g5 71. Kh1 g4 72. Kg1 Kg3 73. Kh1 Kf2 74. Kh2 g3 0-1

[Event "2026 European Womens Championship"]
[Site "Batumi, GE"]
[Date "2026.06.02"]
[Round "8"]
[White "Vakhania, Aleksandra"]
[Black "Ediberidze, Alexandra"]
[Result "1-0"]
[Board "78"]
[TimeControl "5400+30"]
[WhiteFideId "13602560"]
[BlackFideId "13636685"]
[WhiteElo "2079"]
[BlackElo "1638"]
[WhiteTitle "WIM"]
[WhiteClock "0:08:05"]
[BlackClock "1:03:33"]
[Variant "Standard"]

1. e4 c6 2. d3 d5 3. Nd2 dxe4 4. dxe4 e5 5. Ngf3 Bg4 6. Bc4 Nf6 7. Bxf7+ Ke7 8. Bb3 Na6 9. h3 Bxf3 10. Qxf3 Qc7 11. Nf1 Rd8 12. Bg5 Nc5 13. Ng3 Qa5+ 14. Kf1 Nxb3 15. Qxb3 Qb5+ 16. Qxb5 cxb5 17. Ke2 h6 18. Be3 a6 19. Rhd1 Rc8 20. c3 Kf7 21. f3 Be7 22. Nf5 h5 23. Bg5 Rc7 24. Rd3 Rd8 25. Rxd8 Bxd8 26. Rd1 Be7 27. h4 Ng8 28. Rd5 Bxg5 29. hxg5 g6 30. Ne3 Ke6 31. Rd8 Rg7 32. Nd5 Ne7 33. Re8 1-0

[Event "2026 European Womens Championship"]
[Site "Batumi, GE"]
[Date "2026.06.02"]
[Round "8"]
[White "Giorgadze, Mariam Ere"]
[Black "Chighvaria, Ana"]
[Result "1-0"]
[Board "79"]
[TimeControl "5400+30"]
[WhiteFideId "13636839"]
[BlackFideId "13628666"]
[WhiteElo "1909"]
[BlackElo "1518"]
[WhiteClock "0:26:18"]
[BlackClock "0:45:12"]
[Variant "Standard"]

1. e4 c5 2. Nf3 Nc6 3. Bb5 g6 4. O-O Bg7 5. Re1 e6 6. Bxc6 dxc6 7. e5 Ne7 8. d3 O-O 9. Bg5 Qc7 10. Qd2 Nf5 11. Qc3 b6 12. Nbd2 Ba6 13. Ne4 h6 14. Bf6 h5 15. Qd2 c4 16. Bxg7 Kxg7 17. Qg5 Qe7 18. Nf6 Rh8 19. dxc4 Bxc4 20. Rad1 Bd5 21. Nh4 Nxh4 22. Qxh4 Qc5 23. c3 Qc4 24. Ne4 Bxe4 25. Rxe4 Qxa2 26. Qf6+ Kg8 27. Red4 Rf8 28. Rd8 Kh7 29. R8d7 Qb3 30. Rxf7+ Rxf7 31. Qxf7+ Kh6 32. Qf4+ 1-0